 Dungeon Crawl Stone Soup version 0.13-a0-1502-g99810c3 (webtiles) character file.

50666 Kae the Crack Shot (level 14, -16/111 HPs)
             Began as a Centaur Hunter on June 8, 2013.
             Was a High Priest of Okawaru.
             Demolished by an orc warrior
             ... wielding a -1,+3 orcish long sword
              (20 damage)
             ... on Level 4 of the Orcish Mines.
             The game lasted 01:56:27 (40735 turns).

Kae the Crack Shot (Centaur Hunter)                Turns: 40735, Time: 01:56:27

HP -16/111       AC 17     Str 15      XL: 14   Next:  3%
MP  18/23        EV 10     Int 10      God: Okawaru [*****.]
Gold 1884        SH  0     Dex 15      Spells:  0 memorised, 13 levels left

Res.Fire  : . . .   See Invis. : .   a - +3,+0 executioner's axe (venom)
Res.Cold  : + . .   Warding    : .   A - +5 scale mail {rC+}
Life Prot.: . . .   Conserve   : .   (no shield)
Res.Poison: .       Res.Corr.  : .   S - +0 helmet
Res.Elec. : .       Clarity    : .   C - +2 cloak {MR+}
Sust.Abil.: + .     Spirit.Shd : .   z - +1 pair of gloves
Res.Mut.  : .       Stasis     : .   (no barding)
Res.Rott. : .       Flight     : .   (no amulet)
Saprovore : . . .                    E - ring of sustain abilities
                                     (no ring)

@: hasted, finesse, very quick, quite resistant to hostile enchantments,
extremely unstealthy
A: hooves 3, deformed body, herbivore 1, speed 2, fast metabolism 1, tough skin
3
a: Heroism, Finesse, Renounce Religion


You were on level 4 of the Orcish Mines.
You worshipped Okawaru.
Okawaru was extremely pleased with you.
You were not hungry.

You visited 4 branches of the dungeon, and saw 25 of its levels.

You collected 2019 gold pieces.
You spent 155 gold pieces at shops.

Inventory:

Hand weapons
 a - a +3,+0 executioner's axe of venom (weapon)
 b - a +3,+2 bow of frost
 q - a +1,+1 bow
 W - a +0,+0 bow
 Z - a +2,+0 dwarven war axe of draining
Missiles
 d - 20 poisoned arrows
 J - 46 arrows of flame
 P - 29 arrows of dispersal
 R - 2 arrows of frost
 V - 60 arrows
Armour
 z - a +1 pair of gloves (worn)
 A - a +5 scale mail of cold resistance (worn)
 C - a +2 cloak of magic resistance (worn)
 K - the +2 cloak of Byod {+Rage Int+3}
   (You found it on level 11 of the Dungeon)

   It affects your intelligence (+3).
   It lets you go berserk.
 S - a +0 helmet (worn)
Magical devices
 c - a wand of random effects (8)
 k - a wand of frost (6)
 M - a wand of fire (9)
 T - a wand of frost (11)
 X - a wand of paralysis (4)
Comestibles
 f - 3 bread rations
 h - 7 meat rations
 l - 2 apples
 t - 3 rotting chunks of orc flesh
 u - 3 honeycombs
Scrolls
 e - 4 scrolls of teleportation
 g - 4 scrolls of fog
 m - 9 scrolls of remove curse
 p - 5 scrolls of identify
 s - 2 scrolls of enchant armour
 v - 5 scrolls of fear
 x - 4 scrolls of amnesia {unknown}
 y - 2 scrolls of recharging
 F - a scroll of silence {unknown}
 H - 2 scrolls of magic mapping {unknown}
 O - 2 scrolls of enchant weapon I
 Q - a scroll of enchant weapon II {unknown}
 Y - a scroll of blinking
Jewellery
 n - the amulet "Plog" {Hunger +Rage rC+}
   (You found it on level 11 of the Dungeon)

   [amulet of rage]

   It protects you from cold.
   It speeds your metabolism.
 E - a ring of sustain abilities (right hand)
Potions
 i - a potion of invisibility
 j - 3 potions of resistance
 o - 3 potions of restore abilities
 r - 3 potions of flight
 w - 2 potions of curing
 G - a potion of porridge {unknown}
 I - 3 potions of agility
 N - 2 potions of speed
Books
 B - a book of the Earth

   Spells                             Type                      Level
   Dig                                Earth                        4
   Leda's Liquefaction                Hexes/Earth                  4
   Bolt of Magma                      Conjuration/Fire/Earth       5
   Statue Form                        Transmutation/Earth          6
   Iron Shot                          Conjuration/Earth            6
   Shatter                            Earth                        9
 D - a book of Envenomations

   Spells                             Type                      Level
   Spider Form                        Transmutation/Poison         3
   Poison Weapon                      Charms/Poison                3
   Summon Scorpions                   Summoning/Poison             4
   Olgreb's Toxic Radiance            Poison                       4
   Poisonous Cloud                    Conjuration/Poison/Air       6
 L - Sif Muna's Volume of the Traveller and Enhancements
   (You found it on level 8 of the Lair of Beasts)

   Spells                             Type                      Level
   Apportation                        Translocation                1
   Shroud of Golubria                 Charms/Translocation         2
   Recall                             Summoning/Translocation      3
   Passage of Golubria                Translocation                4
   Warp Weapon                        Charms/Translocation         5
 U - a book of Cantrips

   Spells                             Type                      Level
   Confusing Touch                    Hexes                        1
   Animate Skeleton                   Necromancy                   1
   Summon Small Mammal                Summoning                    1
   Apportation                        Translocation                1


   Skills:
 + Level 7.8 Fighting
 + Level 11.8 Axes
 - Level 22.2 Bows
 + Level 10.1 Dodging
 - Level 0.5 Stealth
 + Level 8.1 Invocations


You had 13 spell levels left.
You didn't know any spells.

Dungeon Overview and Level Annotations

Branches:
Dungeon (12/27)            Temple (1/1) D:6             Orc (4/4) D:8
    Elf (0/3) Orc:3          Lair (8/8) D:10          Swamp (0/5) Lair:4
 Spider (0/5) Lair:4        Slime (0/6) Lair:6

Altars:
Ashenzari
Cheibriados
Elyvilon
Fedhas
Makhleb
Nemelex Xobeh
Okawaru
Sif Muna
Trog
Xom
Yredelemnul
Zin
the Shining One
Beogh

Shops:
Orc:1: % Orc:4: [

Portals:
Volcano: Orc:3

Annotations
D:10 Harold
D:11 exclusion: door
Lair:4 exclusion: downstairs


Innate Abilities, Weirdness & Mutations

You have hooves in place of feet.
Armour fits poorly on your strangely shaped body.
You digest meat inefficiently.
You cover ground very quickly.
You have a fast metabolism.
You have extremely tough skin (AC +3).


Message History

You are feeling hungry.
The orc warrior hits you from afar with an orcish trident!
The troll bites you but does no damage. The troll claws you.
The troll claws you but does no damage.
The orc knight hits you with an orcish battleaxe.
The orc warrior closely misses you.
The orc warrior hits you with an orcish mace!
* * * LOW HITPOINT WARNING * * *
Drink which item? (? for menu, Esc to quit)
You feel yourself speed up.
The orc warrior hits you but does no damage.
The troll barely misses you. The troll claws you.
* * * LOW HITPOINT WARNING * * *
The troll barely misses you.
The orc knight hits you with an orcish battleaxe.
* * * LOW HITPOINT WARNING * * *
The orc warrior hits you with an orcish mace!
* * * LOW HITPOINT WARNING * * *
The orc warrior hits you with a runed orcish long sword!
You die...

### ..f..# ......##
........# # .........#
.## ...∩.f..f## ...#
.......O..##...##
f.8...oToo..##...##
.f.....o@).#$#....###
......f............#..
#f....##..............
######
##.##..#........
####............
##.#.........
##.#..........
#........<....
##.............


You could see an orc knight, a troll, 3 orc warriors and an ogre.

Vanquished Creatures
  A dire elephant (Lair:8)
  Fannar (Lair:3)
  Josephine (D:10)
  5 hydras
  A deep troll shaman (Lair:8)
  17 death yaks
  Nergalle (Orc:2)
  Erolcha (D:10)
  A catoblepas (Lair:8)
  An orc knight (Orc:2)
  2 hill giants
  Pikel (D:6)
  2 cyclopes (D:11)
  A spiny worm (Lair:7)
  2 black mambas
  6 slime creatures (D:11)
  3 elephants (Lair:8)
  11 spiny frogs
  A spriggan skeleton (D:11)
  2 ugly things (D:11)
  3 komodo dragons
  7 blink frogs
  A two-headed ogre (D:11)
  A grizzly bear (Lair:8)
  5 trolls
  5 wraiths
  A fire drake (Lair:5)
  10 hippogriffs
  3 hungry ghosts
  A wyvern (D:10)
  A vampire mosquito (Lair:4)
  43 yaks
  A hill giant simulacrum (D:10)
  A steam dragon (D:9)
  2 swamp worms (Lair:4)
  3 basilisks
  A soldier ant (D:11)
  14 war dogs
  3 slaves
  2 manticores
  A manticore zombie (D:10)
  14 orc warriors
  2 freezing wraiths (D:9)
  11 ogres
  2 hippogriff zombies
  3 trapdoor spiders (Lair:4)
  16 ice beasts
  4 phantoms
  4 sky beasts
  2 troll zombies
  2 boulder beetles (Lair:8)
  4 centaurs
  A yak skeleton (D:10)
  7 giant goldfish
  A hippogriff skeleton (D:9)
  A troll skeleton (D:12)
  Duvessa (Orc:1)
  15 giant frogs
  4 wargs
  16 crocodiles
  Edmund (D:8)
  4 giant slugs
  8 agate snails
  11 water moccasins
  Blork the orc (Orc:1)
  5 wolves
  The ghost of Kae the Shooter, a weakling CeHu (D:3)
  A centaur skeleton (D:11)
  2 yellow wasps
  9 electric eels
  10 jellyfish
  A lava snake (Lair:6)
  2 big kobolds
  3 wights (D:8)
  A big kobold zombie (D:8)
  4 killer bees
  An ogre zombie (D:6)
  9 fire bats (D:9)
  A quasit (D:11)
  Dowan (Orc:1)
  5 crimson imps
  7 hounds
  A mottled dragon skeleton (D:8)
  13 orc priests
  Crazy Yiuf (D:2)
  4 scorpions
  A hound zombie (D:6)
  21 porcupines
  A deep elf soldier (D:10)
  12 iguanas
  29 orc wizards
  10 orange rats
  9 worker ants
  7 jellies
  13 sheep
  Jessica (D:2)
  A worm zombie (D:6)
  4 big fish (Lair:4)
  A goliath beetle zombie (D:5)
  A mummy (D:10)
  4 giant centipedes
  3 gnolls (D:4)
  34 green rats
  32 adders
  2 adder skeletons
  An iguana zombie (D:10)
  3 giant mites
  9 worms
  6 giant geckos
  134 orcs
  2 ball pythons
  12 giant cockroaches
  14 goblins
  16 hobgoblins
  19 jackals
  23 kobolds
  An ooze (D:1)
  4 spectral orcs (Orc:2)
  66 bats
  7 giant newts
  3 giant spores
  A jackal zombie (D:8)
  4 orc zombies
  18 quokkas
  A quokka skeleton (D:7)
  25 rats
  3 rat skeletons
  6 ballistomycetes
  10 fungi
  2 plants (Lair:8)
963 creatures vanquished.

Vanquished Creatures (others)
  A giant frog (Lair:1)
  A porcupine (Lair:1)
  A worm (Lair:2)
  An orc (D:10)
  A jackal (Lair:2)
  A kobold (D:9)
  11 fungi (Lair:8)
  7 plants (Lair:8)
24 creatures vanquished.

Grand Total: 987 creatures vanquished

Notes
Turn   | Place    | Note
--------------------------------------------------------------
     0 | D:1      | Kae, the Centaur Hunter, began the quest for the Orb.
     0 | D:1      | Reached XP level 1. HP: 17/17 MP: 0/0
    74 | D:1      | Found a snail-covered altar of Cheibriados.
   275 | D:1      | Reached XP level 2. HP: 18/24 MP: 1/1
   278 | D:1      | Reached skill level 6 in Bows
   312 | D:1      | HP: 1/24 [poisoned by a giant mite]
  1036 | D:2      | TZer0: Almost there..
  1047 | D:2      | Reached XP level 3. HP: 27/29 MP: 2/2
  1073 | D:2      | Reached skill level 7 in Bows
  1331 | D:2      | Noticed Crazy Yiuf
  1354 | D:2      | Killed Crazy Yiuf
  1354 | D:2      | Reached XP level 4. HP: 29/36 MP: 2/2
  1428 | D:2      | TZer0: omg Centaur OP against Crazy Yiuf
  1466 | D:2      | TZer0: Nerf Centaurs
  1711 | D:2      | Reached skill level 8 in Bows
  1717 | D:2      | Noticed an ogre
  1740 | D:2      | Killed an ogre
  1740 | D:2      | Reached skill level 9 in Bows
  1740 | D:2      | Reached XP level 5. HP: 28/41 MP: 3/3
  2295 | D:2      | Noticed Jessica
  2301 | D:2      | Killed Jessica
  2364 | D:2      | Reached XP level 6. HP: 42/48 MP: 4/4
  2486 | D:3      | Found a deep blue altar of Sif Muna.
  2563 | D:3      | Kae: oh didnt notice you lol
  2647 | D:3      | Noticed Kae's ghost (weakling CeHu)
  2727 | D:3      | Killed Kae's ghost
  2727 | D:3      | Reached skill level 10 in Bows
  3465 | D:4      | Reached XP level 7. HP: 44/53 MP: 4/4
  3551 | D:4      | Found a basalt altar of Yredelemnul.
  3564 | D:4      | Reached skill level 11 in Bows
  4001 | D:5      | Entered Level 5 of the Dungeon
  4011 | D:5      | TZer0: ZOMG Centaur OP against ogres
  4013 | D:5      | TZer0: nerf Centaur
  4014 | D:5      | TZer0: :P
  4138 | D:4      | Kae: its op against anything early game :p
  4148 | D:5      | Reached skill level 12 in Bows
  4496 | D:5      | TZer0: I think you just left some arrows
  4565 | D:5      | Reached XP level 8. HP: 26/61 MP: 5/5
  4566 | D:5      | Kae: :p
  5330 | D:6      | Reached skill level 13 in Bows
  5399 | D:6      | Found Ruvyniyf's Distillery.
  5515 | D:6      | Bought a potion of restore abilities for 30 gold pieces
  5515 | D:6      | Bought a potion of flight for 30 gold pieces
  5515 | D:6      | Bought a potion of agility for 25 gold pieces
  5515 | D:6      | Bought a potion of poison for 10 gold pieces
  5516 | D:6      | Bought a potion of curing for 20 gold pieces
  5516 | D:6      | Bought a potion of curing for 20 gold pieces
  5516 | D:6      | Bought a potion of curing for 20 gold pieces
  5763 | D:6      | Reached skill level 14 in Bows
  5928 | D:6      | Found a staircase to the Ecumenical Temple.
  5975 | Temple   | Entered the Ecumenical Temple
  5983 | Temple   | TZer0: go with Xom
  5984 | Temple   | TZer0: totally awesome god
  6146 | Temple   | TZer0: No ID scrolls? D:
  6146 | Temple   | Kae: ahah had fun with a chaos knight early on
  6146 | Temple   | Kae: will try again
  6146 | Temple   | TZer0: xD
  6146 | Temple   | Kae: not with this centaur though :p
  6146 | Temple   | TZer0: aww
  6221 | Temple   | Became a worshipper of Warmaster Okawaru
  6557 | D:6      | Noticed Pikel
  6579 | D:6      | Killed Pikel
  6579 | D:6      | Reached XP level 9. HP: 24/67 MP: 6/6
  6786 | D:6      | Reached skill level 15 in Bows
  7307 | D:7      | Acquired Okawaru's first power
  7393 | D:7      | Reached skill level 1 in Axes
  7797 | D:8      | Noticed Edmund
  7819 | D:8      | Killed Edmund
  8214 | D:8      | Reached skill level 16 in Bows
  8618 | D:8      | Found a deep blue altar of Sif Muna.
  8696 | D:8      | Reached XP level 10. HP: 70/73 MP: 6/6
  8747 | D:8      | Found a white marble altar of Elyvilon.
  8747 | D:8      | Found a glowing silver altar of Zin.
  8747 | D:8      | Found a glowing golden altar of the Shining One.
  8978 | D:8      | Found a staircase to the Orcish Mines.
  8990 | D:8      | Found a roughly hewn altar of Beogh.
  9783 | D:9      | Kae: did they nerf centaur metabolism or what >< ?
  9783 | D:9      | Kae: feels like im always hungry
 10053 | D:9      | Reached skill level 17 in Bows
 10247 | D:9      | Found a bloodstained altar of Trog.
 10792 | D:9      | Reached skill level 5 in Axes
 10839 | D:9      | Found a white marble altar of Elyvilon.
 10895 | D:9      | Found an iron altar of Okawaru.
 10932 | D:9      | Found a snail-covered altar of Cheibriados.
 10967 | D:9      | Found a glowing golden altar of the Shining One.
 10995 | D:9      | Found a deep blue altar of Sif Muna.
 11026 | D:9      | Found a glowing golden altar of the Shining One.
 11118 | D:9      | Reached skill level 5 in Dodging
 11317 | D:9      | Reached skill level 18 in Bows
 11362 | D:9      | Reached XP level 11. HP: 77/79 MP: 7/7
 11529 | D:9      | Noticed an eidolon
 11529 | D:9      | Reached XP level 10. HP: 73/73 MP: 6/6
 11561 | D:9      | Kae: dafuq is that xD
 12048 | D:10     | Entered Level 10 of the Dungeon
 12510 | D:9      | Got a glittering golden ring
 12546 | D:9      | Identified the ring of Wishful Thinking {Wiz rC- Dex+1} (You found it on level 9 of the Dungeon)
 12638 | D:10     | Paralysed by a yellow wasp for 2 turns
 12911 | D:10     | Reached XP level 11. HP: 64/79 MP: 7/7
 13245 | D:10     | Received a gift from Okawaru
 13284 | D:10     | Found a staircase to the Lair.
 13315 | D:10     | Noticed Josephine
 13346 | D:10     | Killed Josephine
 13486 | D:10     | Received a gift from Okawaru
 13502 | D:10     | Noticed Erolcha
 13537 | D:10     | Paralysed by Erolcha for 7 turns
 13552 | D:10     | Killed Erolcha
 13552 | D:10     | Reached skill level 19 in Bows
 14255 | D:10     | Noticed Harold
 14437 | D:10     | Noticed a hill giant
 14454 | D:10     | Killed a hill giant
 14722 | Lair:1   | Entered Level 1 of the Lair of Beasts
 14764 | Lair:1   | Received a gift from Okawaru
 15301 | Lair:1   | Acquired Okawaru's second power
 16422 | Lair:1   | Received a gift from Okawaru
 17076 | Lair:2   | Reached skill level 20 in Bows
 17449 | Lair:2   | Found a frozen archway.
 17812 | Lair:2   | Reached XP level 12. HP: 48/85 MP: 8/8
 18196 | Lair:2   | Received a gift from Okawaru
 18245 | Lair:2   | Kae: wow
 18245 | Lair:2   | Kae: what a gift
 18245 | Lair:2   | Kae: a +0 helmet
 18245 | Lair:2   | Kae: wtf okawaru...
 19383 | Lair:3   | Noticed a death yak
 19384 | Lair:3   | Noticed a death yak
 19644 | Lair:3   | Noticed a death yak
 19646 | Lair:3   | Noticed a death yak
 19649 | Lair:3   | Noticed a death yak
 19652 | Lair:3   | Killed a death yak
 19715 | Lair:2   | Killed a death yak
 20222 | Lair:3   | Noticed an eight-headed hydra
 20253 | Lair:3   | Killed an eight-headed hydra
 20253 | Lair:3   | Reached skill level 21 in Bows
 20649 | Lair:3   | Noticed a death yak
 20661 | Lair:2   | Killed a death yak
 20986 | Lair:3   | Noticed Fannar
 21306 | Lair:3   | Killed a death yak
 21324 | Lair:3   | Killed a death yak
 21374 | Lair:3   | Killed a death yak
 21683 | Lair:3   | Killed Fannar
 22554 | Lair:4   | Found a hole to the Spider Nest.
 23443 | Lair:4   | Noticed a seven-headed hydra
 23527 | Lair:4   | Killed a seven-headed hydra
 23845 | Lair:4   | Noticed a six-headed hydra
 23852 | Lair:4   | Killed a six-headed hydra
 23852 | Lair:4   | Reached skill level 22 in Bows
 24378 | Lair:4   | Found a staircase to the Swamp.
 25018 | Lair:4   | Noticed a five-headed hydra
 25043 | Lair:4   | Killed a five-headed hydra
 25043 | Lair:4   | Received a gift from Okawaru
 26052 | Lair:6   | Reached skill level 1 in Invocations
 27009 | Lair:6   | Found a staircase to the Slime Pits.
 27036 | Lair:6   | Noticed a death yak
 27037 | Lair:6   | Noticed a death yak
 27038 | Lair:6   | Noticed a death yak
 27056 | Lair:6   | Killed a death yak
 27056 | Lair:6   | Reached skill level 10 in Axes
 27066 | Lair:6   | Killed a death yak
 27070 | Lair:6   | Killed a death yak
 28474 | Lair:7   | Reached XP level 13. HP: 95/95 MP: 14/14
 29922 | Lair:8   | Entered Level 8 of the Lair of Beasts
 30166 | Lair:8   | Noticed a four-headed hydra
 30187 | Lair:8   | Killed a four-headed hydra
 31168 | Lair:8   | Reached skill level 5 in Fighting
 31168 | Lair:8   | Reached skill level 5 in Invocations
 31393 | Lair:8   | Received a gift from Okawaru
 31458 | Lair:8   | Noticed a dire elephant
 31714 | Lair:8   | Killed a dire elephant
 31928 | Lair:8   | Identified Sif Muna's Volume of the Traveller and Enhancements
 32451 | Lair:8   | Found a shattered altar of Ashenzari.
 33140 | Lair:8   | Received a gift from Okawaru
 33897 | Lair:8   | Received a gift from Okawaru
 34311 | Lair:1   | Paralysed by you for 5 turns
 35092 | D:11     | Noticed a hill giant
 35101 | D:11     | Killed a hill giant
 35215 | D:11     | Got a shimmering cloak
 35220 | D:11     | Identified the +2 cloak of Byod {+Rage Int+3} (You found it on level 11 of the Dungeon)
 36038 | D:11     | Reached XP level 14. HP: 106/110 MP: 22/22
 36116 | D:11     | Received a gift from Okawaru
 36515 | D:11     | Got a sparkling lead amulet
 36521 | D:11     | Identified the amulet "Plog" {Hunger +Rage rC+} (You found it on level 11 of the Dungeon)
 37038 | D:12     | HP: 5/110 [skeletal warrior/long sword of freezing (2)]
 37520 | Orc:1    | Entered Level 1 of the Orcish Mines
 37529 | Orc:1    | Noticed Blork the orc
 37535 | Orc:1    | Reached skill level 10 in Dodging
 37538 | Orc:1    | Killed Blork the orc
 37587 | Orc:1    | Found a roughly hewn altar of Beogh.
 37707 | Orc:2    | Noticed Nergalle
 37721 | Orc:2    | Reached XP level 13. HP: 48/103 MP: 21/21
 37725 | Orc:2    | Killed Nergalle
 37990 | Orc:2    | Found a roughly hewn altar of Beogh.
 39742 | Orc:1    | Found Phaetat's Food Boutique.
 39742 | Orc:1    | Noticed Dowan
 39742 | Orc:1    | Noticed Duvessa
 39747 | Orc:1    | Killed Duvessa
 39758 | Orc:1    | Reached XP level 14. HP: 88/111 MP: 23/23
 39761 | Orc:1    | Killed Dowan
 39967 | Orc:3    | Found a staircase to the Elven Halls.
 40496 | Orc:3    | Found a dark tunnel.
 40604 | Orc:4    | Entered Level 4 of the Orcish Mines
 40727 | Orc:4    | Found Nam Fiado's Antique Armour Boutique.
 40735 | Orc:4    | HP: 4/111 [orc warrior/orcish mace (23)]
 40735 | Orc:4    | Demolished by an orc warrior

Action                   |  1- 3 |  4- 6 |  7- 9 | 10-12 | 13-15 || total
-------------------------+-------+-------+-------+-------+-------++-------
Melee: Short sword       |   111 |   154 |   167 |       |       ||   432
       War axe           |       |       |   112 |   960 |   440 ||  1512
       Executioner's axe |       |       |       |       |   235 ||   235
 Fire: Bow               |     8 |    67 |   302 |   882 |   516 ||  1775
Invok: Heroism           |       |       |     1 |    13 |     9 ||    23
       Finesse           |       |       |       |     2 |     3 ||     5
Evoke: Wand              |       |       |     1 |     2 |     7 ||    10
  Use: Potion            |     1 |       |       |    10 |     6 ||    17
       Scroll            |       |       |    18 |    12 |     4 ||    34
 Stab: Distracted        |       |       |       |       |     1 ||     1
